[Event "44th Chess Olympiad Women 2022"]
[Site "Chennai"]
[Date "2022.08.08"]
[Round "10.1"]
[White "Koneru, Humpy"]
[Black "Abdumalik, Zhansaya"]
[Result "1-0"]
[ECO "D47"]
[WhiteElo "2586"]
[BlackElo "2495"]
[Annotator "TA"]
[PlyCount "111"]
[EventDate "2022.07.29"]
[EventType "team-tourn"]
[EventCountry "IND"]
[SourceTitle "playchess.com"]
[Source "ChessBase"]
[SourceQuality "1"]
[WhiteTeam "India"]
[BlackTeam "Kazakhstan"]
[WhiteTeamCountry "IND"]
[BlackTeamCountry "KAZ"]
[TimeControl "40/5400+30:1800+30"]

1. d4 Nf6 2. c4 e6 3. Nf3 d5 4. Nc3 c6 5. e3 Nbd7 6. Bd3 dxc4 7. Bxc4 b5 8. Bb3 Bb7 9. O-O a6 {[%emt 0:02:17] D47: Semi-Slav: Meran System.} (9... Be7 $11) 10. e4 $1 {[%emt 0:07:34] 10.e4 scores better than 10.Qe2.} b4 11. Na4 $5 {[%emt 0:07:20][%mdl 4] Exploring less charted territory.} Nxe4 {[%emt 0:08:19] White is better.} 12. Re1 $1 Nef6 13. Ng5 $1 Be7 14. Bxe6 {[%emt 0:08:46] [#]} O-O $146 (14... fxe6 $2 15. Nxe6 Qa5 16. Qe2 $1 $16) ({Predecessor:} 14... fxe6 15. Nxe6 Qa5 16. Nac5 Nxc5 17. dxc5 Kf7 18. Ng5+ Kf8 19. Rxe7 Kxe7 20. Qd6+ Ke8 21. Qe6+ Kd8 22. Nf7+ Kc7 23. Bf4# {1-0 (23) Bluebaum,M (2670)-Seo,J (2453) Chess.com INT 2021}) 15. Qe2 {[%emt 0:06:18] Black must now prevent Bxd7.} Nd5 16. Bxd5 ({But not} 16. Nxf7 Rxf7 17. a3 (17. Bxf7+ Kxf7 18. Qe6+ Kf8 $15) 17... a5 $1 $15) 16... Bxg5 17. Bxg5 Qxg5 18. Bf3 Rad8 19. Rad1 Nf6 (19... Qb5 $16 20. b3 Qxe2 21. Rxe2 Rfe8) 20. Qe5 (20. Nc5 $18 Rfe8 21. Qf1) 20... Qg6 (20... Qxe5 $142 21. dxe5 Nd5) 21. Nc5 $16 Bc8 22. Bxc6 Ng4 23. Qc7 $36 {[%emt 0:00:14][%mdl 2048] Keeping Black busy.} Qc2 {[%emt 0:06:37][%cal Od8d4] aiming for ...Rxd4!} 24. Qf4 {[%emt 0:03:02] Active counter play!} Qxb2 25. d5 Qc2 26. Ne4 Qxa2 {[%emt 0:04:09] [#]} (26... Qb2 {might work better.} 27. f3 Qe5 28. Qxe5 Nxe5) 27. d6 ({White has to play} 27. h3 $1 $18 ) 27... Be6 {[%emt 0:02:56] [#] Black cannot hold the game after this.} (27... Qc2 $16 28. Rc1 Qb2) 28. h3 $1 $18 Nh6 29. Nc5 Qc2 (29... b3 {was called for.} 30. Nb7 Rb8) 30. Qxb4 ({And not} 30. Nxe6 fxe6 31. Qe4 Qxf2+ 32. Kh1 Nf5 33. Qxe6+ Kh8 $14) 30... Rb8 31. Bb7 Qg6 32. d7 Bxh3 33. Qe4 (33. Qh4 $142 Rxb7 34. Qxh3) 33... Qb6 (33... Qxe4 {is tougher.} 34. Bxe4 Be6) 34. Qc6 Qxc6 35. Bxc6 Be6 36. Nxa6 Rbd8 37. Nc5 Ng4 38. Nxe6 fxe6 39. Rxe6 ({Don't play} 39. f3 Nf6 40. Rxe6 Rf7 41. Re8+ Rf8 $18) 39... Nf6 40. f3 {[%emt 0:00:44] And now Bb5 would win.} h5 $2 (40... Rf7 41. Re8+ Rf8) 41. Re7 Rf7 42. Re8+ Rf8 43. Rde1 {[%emt 0:02:51] Threatens to win with Rxd8.} Rxd7 44. Bxd7 (44. Rxf8+ $142 Kxf8 45. Bxd7 Nxd7 46. Kf2) 44... Nxd7 45. Kf2 Rxe8 46. Rxe8+ {[%emt 0:00:03][%mdl 4096] Endgame KR-KN} Kf7 47. Ra8 Nf6 48. Ra5 (48. Ra7+ $142 Kg6 49. Ke3) 48... Kg6 49. Kg3 Kh6 50. Kf4 Nh7 51. Ke5 (51. Ra6+ $142 g6 52. Ke5 Kg7 53. Ra7+ Kg8 54. f4 Kh8 55. f5 Nf8 56. Kf6) 51... Kg6 52. Ra6+ Nf6 53. Kf4 h4 54. Rc6 Kh5 {[%emt 0:01:27] [#]} 55. Rxf6 $1 gxf6 56. Kf5 {[%emt 0:00:04] Weighted Error Value: White=0.28 (precise) /Black=0.83} 1-0

[Event "44th Chess Olympiad Women 2022"]
[Site "Chennai"]
[Date "2022.08.08"]
[Round "10.2"]
[White "Dzagnidze, Nana"]
[Black "Kashlinskaya, Alina"]
[Result "1/2-1/2"]
[ECO "D38"]
[WhiteElo "2531"]
[BlackElo "2505"]
[Annotator "TA"]
[PlyCount "94"]
[EventDate "2022.07.29"]
[EventType "team-tourn"]
[EventCountry "IND"]
[SourceTitle "playchess.com"]
[Source "ChessBase"]
[SourceQuality "1"]
[WhiteTeam "Georgia"]
[BlackTeam "Poland"]
[WhiteTeamCountry "GEO"]
[BlackTeamCountry "POL"]
[TimeControl "40/5400+30:1800+30"]

1. d4 Nf6 2. c4 e6 3. Nf3 d5 4. Nc3 Bb4 5. Qa4+ Nc6 6. a3 Bxc3+ 7. bxc3 Bd7 8. Qc2 {[%emt 0:06:32] D38: Queen's Gambit Declined: Ragozin Defence (4 Nf3 Bb4).} dxc4 9. e4 Na5 $1 10. Bg5 h6 ({Better is} 10... Bc6 $15 11. e5 Bxf3 12. gxf3 Qd5) 11. Bh4 {[%emt 0:00:20] [#]} (11. Bxf6 $11 {remains equal.} gxf6 12. Be2) 11... g5 $1 {[%emt 0:07:26][%mdl 4] 11...g5 is setting a new trend.} ({Black should try} 11... Bc6 $1 $17 12. Nd2 g5) 12. Bg3 (12. Nxg5 $1 $11 hxg5 13. Bxg5) 12... Bc6 $1 $15 13. Nd2 Nb3 $1 14. Nxb3 {[%emt 0:00:13] And now Nd2 would win.} cxb3 15. Qxb3 Nxe4 16. Be5 $1 {[%emt 0:01:24] [#]} O-O $146 (16... Rg8 $17) ({Predecessor:} 16... f6 17. Qxe6+ Qe7 18. Qxe7+ Kxe7 19. Bxc7 Nxc3 20. Ba5 Nd5 21. f3 Ne3 22. Kf2 Nxf1 23. Rhxf1 Bd5 24. Rfe1+ Kd7 25. Bc7 {½-½ (25) Edouard,R (2590)-Peralta,F (2585) Barcelona 2022}) 17. f3 $11 Nd6 18. Bd3 f6 19. Bg3 ({Don't blunder} 19. Qxe6+ $2 Kg7 20. Kd2 Bd7 $19) 19... Kg7 20. O-O Qd7 21. Rfe1 Rae8 22. c4 b6 23. Rac1 Nf5 24. Bxf5 exf5 25. d5 Ba4 26. Qc3 Rxe1+ 27. Rxe1 f4 28. Bf2 Re8 (28... Qf5 {with more complications.} 29. Qb4 Bd7 30. Bd4 Rf7) 29. Rxe8 Qxe8 $15 {[%emt 0:00:03][%mdl 4096] Endgame KQB-KQB} 30. c5 Qe5 31. Bd4 Qxd5 32. cxb6 cxb6 33. Bxf6+ Kg6 34. Bd4 Qb3 35. Qxb3 Bxb3 {[%emt 0:00:07] KB-KB} 36. Kf2 h5 37. h3 Kf5 38. Ke1 Bc4 39. Kf2 Bd3 40. Ke1 Ke6 41. Kf2 h4 42. Ke1 Kf5 43. Kf2 Ke6 44. Ke1 $1 Bc4 {[%emt 0:01:08] Black is slightly better.} 45. Kf2 Bd5 46. Ke1 Kf5 47. Ke2 Bc4+ {[%emt 0:00:15] Weighted Error Value: White=0.09 (flawless) /Black=0.10 (very precise)} 1/2-1/2

[Event "44th Chess Olympiad Women 2022"]
[Site "Chennai"]
[Date "2022.08.08"]
[Round "10.2"]
[White "Javakhishvili, Lela"]
[Black "Kiolbasa, Oliwia"]
[Result "1/2-1/2"]
[ECO "E05"]
[WhiteElo "2476"]
[BlackElo "2376"]
[Annotator "TA"]
[PlyCount "80"]
[EventDate "2022.07.29"]
[EventType "team-tourn"]
[EventCountry "IND"]
[SourceTitle "playchess.com"]
[Source "ChessBase"]
[SourceQuality "1"]
[WhiteTeam "Georgia"]
[BlackTeam "Poland"]
[WhiteTeamCountry "GEO"]
[BlackTeamCountry "POL"]
[TimeControl "40/5400+30:1800+30"]

1. c4 e6 2. g3 d5 3. Bg2 Nf6 4. d4 Be7 5. Nf3 O-O 6. O-O dxc4 7. Qa4 a6 8. Qxc4 b5 9. Qc2 Bb7 10. Bd2 Be4 11. Qc1 Qc8 12. Bg5 {[%emt 0:13:42] E05: Open Catalan: 5 Nf3 Be7.} Nbd7 13. Nbd2 Bb7 14. Nb3 c5 15. Bxf6 gxf6 16. dxc5 (16. Qh6 {is interesting.} c4 17. Na5 Bd5 18. Rfe1) 16... Nxc5 17. Na5 Bd5 18. Nd4 {[%emt 0:00:56] [#] Nac6 is the strong threat.} Bxg2 $146 ({Predecessor:} 18... Ne4 19. Qf4 f5 20. Rac1 Qd7 21. Rc7 Qd6 22. Bxe4 Bxe4 23. Ndc6 Qxf4 24. Nxe7+ Kh8 {½-½ (60) Medvegy,Z (2504)-Borriss,M (2463) Germany 2007}) 19. Kxg2 Re8 (19... Qc7 $5 20. Nac6 Rac8 $11) 20. Rd1 Bf8 21. Qe3 e5 22. Ndc6 {[%emt 0:03:04] Hoping for Rdc1. Pair of Knights!} Qf5 23. Rac1 Ne4 24. Qf3 {[%emt 0:06:42] Active counter play!} Qxf3+ 25. Kxf3 f5 26. Rd5 Rac8 27. Nb3 f6 28. Kg2 (28. Rd7 {seems wilder.} Nc5 29. Nxc5 Rxc6 30. b4) 28... Nd6 {[%emt 0:02:37] Threatens to win with ...Nc4.} 29. Nba5 {[%emt 0:03:55] Inhibits Nc4.} (29. Nb4 $11) 29... Nc4 $1 $17 {[%emt 0:01:11] And now ...Nxa5 would win.} 30. Rb1 Re6 $1 31. Nxc4 bxc4 32. Na5 {[%emt 0:00:07] [#]} Rb6 $1 33. Rc1 {[%emt 0:07:06] [#]} Rb5 $1 34. Rxb5 axb5 {[%emt 0:00:04][%mdl 4096] Endgame KRB-KRN} 35. a3 Ra8 36. Nc6 Ra6 {[%emt 0:00:06] The position is equal.} 37. Nb8 Rb6 38. Nd7 Rd6 39. Nxf8 Kxf8 40. a4 bxa4 {[%emt 0:02:08] Weighted Error Value: White=0.11 (very precise) /Black=0.06 (flawless)} 1/2-1/2

[Event "44th Chess Olympiad Women 2022"]
[Site "Chennai"]
[Date "2022.08.08"]
[Round "10.2"]
[White "Socko, Monika"]
[Black "Batsiashvili, Nino"]
[Result "0-1"]
[ECO "A61"]
[WhiteElo "2416"]
[BlackElo "2466"]
[Annotator "TA"]
[PlyCount "167"]
[EventDate "2022.07.29"]
[EventType "team-tourn"]
[EventCountry "IND"]
[SourceTitle "playchess.com"]
[Source "ChessBase"]
[SourceQuality "1"]
[WhiteTeam "Poland"]
[BlackTeam "Georgia"]
[WhiteTeamCountry "POL"]
[BlackTeamCountry "GEO"]
[TimeControl "40/5400+30:1800+30"]

1. d4 Nf6 2. c4 e6 3. Nf3 c5 4. d5 exd5 5. cxd5 d6 6. Nc3 g6 7. h3 Bg7 8. Bf4 O-O 9. e3 a6 10. a4 $1 Ne8 {[%emt 0:00:03] A61: Modern Benoni: Nf3 without early e4.} 11. Be2 Nd7 12. O-O Ne5 $1 {[%emt 0:00:16][%mdl 4] White has an edge. is now more promising than 12...Qe7.} 13. Nd2 f5 14. Bh2 {[%emt 0:02:11] [#]} g5 $146 ({Predecessor:} 14... Bd7 15. Kh1 Rb8 16. a5 Nc7 17. f4 Nf7 18. e4 Nb5 19. Nxb5 Bxb5 20. Bxb5 axb5 {0-1 (27) Checa,N (2527)-Yurtseven,M (2391) Chess.com INT 2020}) 15. f4 gxf4 16. exf4 Ng6 17. Nc4 Bd7 18. a5 Bb5 19. Nb6 Bxe2 20. Qxe2 Rb8 21. Rae1 Nc7 22. Kh1 Rf7 23. g4 Qh4 (23... Qf6 $14 {feels stronger.}) 24. gxf5 $16 Rxf5 25. Qg4 Rbf8 26. Ne4 Nb5 27. Ng5 h5 28. Qxh4 (28. Qg1 $14 Bd4 29. Qg2 (29. Nf3 Bxg1 30. Nxh4 Nxh4 $11) 29... Rxf4 30. Nf3 (30. Bxf4 Nxf4 31. Nd7 Qxe1 $11) 30... Rxf3 31. Qxg6+ Bg7 32. Rg1) 28... Nxh4 $11 29. Ne6 R8f7 30. Nc8 Rxd5 31. Ng5 (31. Nd8 $5 Bf8 32. Nxf7 Kxf7 33. Rd1 Rxd1 34. Rxd1 $11) 31... Nf5 {[%emt 0:00:19] Prevents Ne7+.} 32. Nxf7 (32. Rg1 $1 $11 {and White stays safe.}) 32... Kxf7 $19 33. Re2 (33. Rg1 $142) 33... Rd3 34. Rg1 Rxh3 {[%emt 0:03:47] Active counter play!} 35. Reg2 Bd4 {[%emt 0:01:59] Dancing on a razor blade.} 36. Re1 Bf6 {[%emt 0:01:38] Prevents Rg5.} 37. Rd2 Nbd4 38. Red1 h4 {[%emt 0:01:47] ...Bd8 is the strong threat.} 39. Rd3 Rxd3 40. Rxd3 Ke6 41. Rd1 (41. Nb6 $17) 41... Nb3 {[%emt 0:40:27] Pair of Knights!} 42. Re1+ Kf7 43. Rd1 Ke6 (43... Nxa5 44. Nxd6+ Nxd6 45. Rxd6 $17) (43... Bxb2 44. Rb1 $11) 44. Re1+ Kd7 45. Nb6+ Kc6 46. Nc4 Nbd4 ({Black should play} 46... Bd4 {aiming for ...Kb5.} 47. Bg1 Kb5) 47. Bg1 (47. Kg2 $142) 47... Nf3 48. Re6 {[%emt 0:00:00] [#]} (48. Re8 $142) 48... h3 $1 $17 49. Bh2 {[%emt 0:00:00] Prevents Ng3+.} Bd4 {[%emt 0:00:00] White must now prevent ...Kd5.} 50. Rg6 N3h4 51. Rg4 Nf3 52. Rg6 Kd5 53. b3 Bc3 54. Bg1 N3h4 (54... Bb4 $17 {Threatens to win with ...Ke4.} 55. Ne3+ Nxe3 56. Bxe3 Bxa5) 55. Rg4 (55. Rg8 $1 $11) 55... Be1 ({Black should try} 55... Bb4 $1 $17) 56. Kh2 $11 Ke4 57. Kxh3 Nf3 58. Rg6 (58. Rg8 $11) 58... d5 $15 59. Ne5 (59. Nb6 $15 Nxg1+ 60. Rxg1) 59... Nxg1+ ({Much weaker is} 59... Nxe5 $6 60. fxe5 Kxe5 61. Bh2+ Kd4 62. Bg1+ Ke5 63. Bh2+ Kd4 64. Bg1+ Ke5 $11) (59... Bxa5 $6 60. Bxc5 d4 61. b4 $11) (59... Bb4 $17 60. Nxf3 Kxf3) 60. Rxg1 $11 Bxa5 $17 {[%emt 0:00:01][%mdl 4096] Endgame KRN-KBN} 61. Nd7 Bb4 {[%emt 0:00:46] And now ...d4 would win.} ({Don't play} 61... Kxf4 62. Rf1+ Ke4 63. Nxc5+ Kd4 64. Nxb7 $16) 62. Nf6+ Kxf4 63. Nxd5+ Ke5 64. Nb6 Nd4 65. Rg7 Nxb3 66. Rxb7 Kd4 {[%emt 0:00:50] next ...c4 is good for Black.} 67. Kg3 c4 68. Na4 (68. Rd7+ $1 $11 {was the only way to keep the balance.} Kc5 69. Nd5) 68... a5 $1 69. Rd7+ $2 (69. Kf3 $17) 69... Ke4 $2 (69... Ke3 $19 70. Rd8 c3) 70. Kf2 c3 $1 71. Nxc3+ Bxc3 72. Ke2 Nd4+ 73. Kd1 Kd3 74. Kc1 Kc4 75. Rb7 Bb4 {[%emt 0:00:12] Strongly threatening ...Kb3.} 76. Kb2 Nb5 77. Rh7 Bc5 78. Rh4+ Bd4+ ({Don't go for} 78... Nd4 $2 79. Rf4) 79. Ka2 Kb4 {[%emt 0:01:03] Hoping for ...a4.} 80. Rg4 $2 (80. Rh3 $17) 80... a4 $1 $19 81. Rh4 $2 {[%emt 0:00:12] [#]} (81. Rg8) 81... a3 $1 {[%emt 0:00:31] ( -> ...Nc3+)} 82. Rg4 Nc3+ 83. Ka1 {[%emt 0:00:01] [#]} Ne2+ $1 84. Kb1 {[%emt 0:04:10] Weighted Error Value: White=0.20 (precise) /Black=0.26 (precise)} 0-1

[Event "44th Chess Olympiad Women 2022"]
[Site "Chennai"]
[Date "2022.08.08"]
[Round "10.3"]
[White "Muzychuk, Anna"]
[Black "Heinemann, Josefine"]
[Result "1/2-1/2"]
[ECO "C50"]
[WhiteElo "2529"]
[BlackElo "2321"]
[Annotator "TA"]
[PlyCount "151"]
[EventDate "2022.07.29"]
[EventType "team-tourn"]
[EventCountry "IND"]
[SourceTitle "playchess.com"]
[Source "ChessBase"]
[SourceQuality "1"]
[WhiteTeam "Ukraine"]
[BlackTeam "Germany"]
[WhiteTeamCountry "UKR"]
[BlackTeamCountry "GER"]
[TimeControl "40/5400+30:1800+30"]

1. e4 e5 2. Nf3 Nc6 3. Bc4 Bc5 4. d3 Nf6 5. Nc3 d6 6. Na4 Bb6 {[%emt 0:00:12] C50: Hungarian Defence and Giuoco Pianissimo.} 7. a3 O-O {[%emt 0:02:53] [#]} 8. c3 $146 ({Predecessor:} 8. O-O h6 9. Re1 Re8 10. b4 Be6 11. Bxe6 Rxe6 12. c4 Nd4 13. Nxb6 Nxf3+ 14. Qxf3 axb6 {0-1 (86) Abdusattorov,N (2688)-Kovalev,V (2623) Chess.com INT 2022}) 8... Ne7 9. O-O Ng6 10. Re1 h6 (10... Bxf2+ {feels hotter.} 11. Kxf2 c6 12. Bb3 b5) 11. Nxb6 axb6 12. Bb3 Re8 13. h3 Be6 14. Bc2 Nh7 15. d4 Qf6 16. Nh2 Rad8 17. Be3 Ng5 18. a4 Nf4 19. Ng4 Bxg4 (19... Qg6 $1 $11 20. Bxf4 exf4) 20. Qxg4 $16 g6 {[%emt 0:09:43] [#]} 21. h4 $1 Nh7 22. g3 h5 23. Qf3 Ne6 24. Qxf6 Nxf6 25. dxe5 ({White should try} 25. d5 $16 Nc5 26. Bg5) 25... dxe5 $14 26. f3 Ra8 27. Kf2 Kf8 28. Ra3 Ke7 29. Rea1 Red8 30. Ke2 Ne8 31. a5 Rxa5 32. Rxa5 bxa5 33. Rxa5 f6 34. Ra7 Nd6 35. Bb3 Rb8 36. Bd5 Kd7 37. Ra1 Ke7 38. Rg1 Rh8 39. Ra1 Rb8 40. Bb3 Nf7 41. Bc2 Nd6 42. Bd3 b6 43. b4 Rd8 44. Ra7 Nc8 45. Ra2 Nd6 46. Ra1 Rb8 47. Bf2 Rd8 48. Ra7 Nc8 49. Ra8 Nd6 50. Rxd8 Kxd8 $11 {[%emt 0:00:34][%mdl 4096] Endgame KBB-KNN} 51. Bc2 Ke7 52. Bb3 Nf8 53. Be3 Ne6 54. Bd5 Kd7 55. Kd3 Nc8 56. f4 Nd6 57. fxe5 (57. c4 $14) 57... fxe5 58. Bb3 Ke7 59. Ba4 Kf6 60. Bc6 Ke7 61. c4 Nf7 62. c5 bxc5 63. bxc5 Nfd8 64. Ba4 c6 65. Kc4 Kd7 66. Bd1 Nb7 67. g4 hxg4 68. Bxg4 Ke7 69. Bxe6 Kxe6 $14 {[%emt 0:00:05] KB-KN. The position is equal.} 70. Bg5 Kf7 71. Kb4 Ke6 72. Bh6 Kf7 73. Kc4 Na5+ 74. Kc3 Nb7 75. Kb4 Kf6 76. Bg5+ {[%emt 0:01:46] Weighted Error Value: White=0.08 (flawless) /Black=0.10 (very precise)} 1/2-1/2

[Event "44th Chess Olympiad Women 2022"]
[Site "Chennai"]
[Date "2022.08.08"]
[Round "10.3"]
[White "Paehtz, Elisabeth"]
[Black "Muzychuk, Mariya"]
[Result "1/2-1/2"]
[ECO "E11"]
[WhiteElo "2484"]
[BlackElo "2540"]
[Annotator "TA"]
[PlyCount "96"]
[EventDate "2022.07.29"]
[EventType "team-tourn"]
[EventCountry "IND"]
[SourceTitle "playchess.com"]
[Source "ChessBase"]
[SourceQuality "1"]
[WhiteTeam "Germany"]
[BlackTeam "Ukraine"]
[WhiteTeamCountry "GER"]
[BlackTeamCountry "UKR"]
[TimeControl "40/5400+30:1800+30"]

1. d4 Nf6 2. c4 e6 3. Nf3 d5 4. g3 Bb4+ 5. Bd2 Be7 6. Bg2 O-O 7. O-O c6 8. Qc2 b6 9. Ne5 Bb7 {[%emt 0:00:54] E11: Bogo-Indian.} 10. cxd5 cxd5 11. Rc1 Bd6 12. Nc3 {[%emt 0:23:24] [#]} Nc6 $146 ({Predecessor:} 12... Nbd7 13. Bf4 Bxe5 14. dxe5 Ng4 15. Nb5 Ngxe5 16. Qc7 Ba6 17. Nxa7 Qf6 18. Nc6 Nxc6 19. Qxc6 {0-1 (52) Li,X (2140)-Pham,C (2357) Ho Chi Minh City 2016}) 13. Nxc6 Bxc6 14. Qd3 (14. Ne4 $5 Nxe4 15. Bxe4 $14) 14... Qd7 15. Bg5 Be7 16. a4 h6 17. Bxf6 Bxf6 18. Rc2 Be7 19. e3 a6 20. Bf1 Rfc8 21. Rac1 Bb7 22. b3 Rc6 23. Nb1 Rac8 24. Rxc6 Rxc6 ({Don't do} 24... Bxc6 25. Qxa6 Qb7 26. Kg2 $14) 25. Rxc6 Qxc6 ({But not} 25... Bxc6 26. Qxa6 Qb7 27. Nc3 $14) 26. Qc3 Qxc3 27. Nxc3 $11 {[%emt 0:00:04][%mdl 4096] Endgame KBB-KBN} Bb4 28. Na2 Bd6 29. f4 f6 30. Kf2 Kf7 31. Nc3 Bb4 32. Na2 Ba3 33. Ke1 e5 34. fxe5 fxe5 35. Kd2 Bd6 36. Nc3 e4 37. Ke2 {[%emt 0:04:58] The position is equal.} g5 38. Kf2 Kf6 39. Na2 Kf5 40. Bh3+ g4 41. Bf1 h5 42. b4 h4 43. b5 a5 44. Nc3 Kg5 45. Ne2 Bc8 46. Nc3 Bb7 47. Ne2 Bc8 48. Nc3 Bb7 {[%emt 0:00:00] Not much happened in this game.  Weighted Error Value: White=0.02 (flawless) /Black=0.02 (flawless)} 1/2-1/2